 Dungeon Crawl Stone Soup version 0.29-a0-870-g2c972031a6 (webtiles) character file.

Game seed: 4387016965763602535

2436 Nato the Transmogrifier (level 9, -5/54 (61) HPs)
             Began as an Octopode Transmuter on July 17, 2022.
             Was a Follower of Cheibriados.
             Slain by a two-headed ogre
             ... wielding a +0 giant club
              (20 damage)
             ... on level 7 of the Dungeon.
             The game lasted 00:17:20 (8061 turns).

Nato the Transmogrifier (Octopode Transmuter)       Turns: 8061, Time: 00:17:20

HP:   -5/54 (61)    AC:  5    Str: 16    XL:     9   Next: 49%
MP:   11/12         EV: 15    Int: 17    God:    Cheibriados [*.....]
Gold: 429           SH:  0    Dex: 14    Spells: 2/12 levels left

rFire   . . .      SeeInvis .     - Unarmed
rCold   . . .      Faith    .   (no shield)
rNeg    . . .      Spirit   .   (helmet restricted)
rPois   .          Reflect  .   m - amulet of regeneration
rElec   .          Harm     .   x - +4 ring of protection
rCorr   .          Rampage  .   (no ring)
Will    .....                   (no ring)
Stlth   ++........              (no ring)
HPRegen 0.98/turn               (no ring)
MPRegen 0.13/turn               (no ring)
                                (no ring)
                                (no ring)

@: heavily drained, very slow
A: almost no armour, amphibious, 8 rings, camouflage 1, gelatinous body 1,
(nimble swimmer 1), tentacles
a: Renounce Religion, Bend Time


You were on level 7 of the Dungeon.
You worshipped Cheibriados.
Cheibriados was aware of your devotion.
You visited 2 branches of the dungeon, and saw 8 of its levels.

You collected 429 gold pieces.

Inventory:

Missiles
 o - a throwing net
 y - 5 atropa-tipped darts (quivered)
Jewellery
 m - an amulet of regeneration (around mantle)
 x - a +4 ring of protection (left tentacle)
Wands
 u - a wand of acid (4)
 w - a wand of charming (4)
Scrolls
 b - 3 scrolls of blinking
 c - 2 scrolls of amnesia {unknown}
 e - a scroll of poison {unknown}
 g - 2 scrolls of torment {unknown}
 h - a scroll of enchant armour {unknown}
 i - 2 scrolls of enchant weapon {unknown}
 j - 2 scrolls of acquirement {unknown}
 k - 2 scrolls of fog {unknown}
 l - 3 scrolls of noise
 s - 3 scrolls of teleportation {unknown}
 z - a scroll of silence {unknown}
 A - a scroll of summoning {unknown}
Potions
 a - a potion of berserk rage {unknown}
 d - 2 potions of mutation
 f - 5 potions of heal wounds
 n - 2 potions of invisibility
 p - a potion of resistance {unknown}
 q - a potion of might {unknown}
 r - 2 potions of curing
 t - a potion of cancellation {unknown}
 v - a potion of magic {unknown}


   Skills:
 - Level 5.0 Fighting
 - Level 5.0 Dodging
 - Level 5.0 Unarmed Combat
 - Level 2.0 Spellcasting
 * Level 8.8 Transmutations
 + Level 3.9 Ice Magic
 - Level 1.0 Poison Magic
 + Level 1.2 Invocations


You had 2 spell levels left.
You knew the following spells:

 Your Spells              Type           Power      Damage    Failure   Level
a - Beastly Appendage     Tmut           62%        N/A       1%          1
b - Wereblood             Tmut           31%        N/A       1%          2
c - Spider Form           Tmut/Pois      18%        N/A       8%          3
d - Ice Form              Ice/Tmut       23%        N/A       14%         4

Your spell library contained the following spells:

 Spells                   Type           Power      Damage    Failure   Level
 Sting                    Tmut/Pois      72%        1d6       2%          1
 Poisonous Vapours        Pois/Air       6%         N/A       24%         2
 Sublimation of Blood     Necr           1%         N/A       28%         2
 Petrify                  Tmut/Erth      16%        N/A       32%         4
 Confusing Touch          Hex            1%         N/A       50%         3
 Irradiate                Conj/Tmut      8%         3d14      65%         5
 Yara's Violent Unravell  Hex/Tmut       8%         3d5       65%         5
 Olgreb's Toxic Radiance  Pois           5%         N/A       77%         4
 Enfeeble                 Hex            0%         N/A       100%        7


Dungeon Overview and Level Annotations

Branches:
Dungeon (7/15)             Temple (1/1) D:5

Altars:
Ashenzari
Cheibriados
Dithmenos
Elyvilon
Fedhas
Gozag
Hepliaklqana
Makhleb
Nemelex Xobeh
Okawaru
Qazlal
Ru
Sif Muna
Trog
Uskayaw
Wu Jian
Xom
Yredelemnul
Zin
The Shining One

Shops:
D:1 [   D:3 [

Annotations:
Temple 2 transporters


Innate Abilities, Weirdness & Mutations

You cannot wear most types of armour.
You are amphibious.
You can wear up to eight rings at the same time.
Your skin changes colour to match your surroundings (Stealth+).
Your rubbery body absorbs attacks. (AC +1, EV +1)
((You are camouflaged when in or above water. (Stealth+)))
You have tentacles for arms and can constrict up to eight enemies at once.


Message History

A - a scroll labelled VIJUECL PAEJEC
There is an open door here.
f - 5 potions of heal wounds (gained 1)
You now have 429 gold pieces (gained 14).
An orc warrior comes into view. It is wielding a +1 mace of holy wrath.
Casting: Ice Form (dangerous; 14% risk of failure)
Confirm with . or Enter, or press ? or * to list all spells.
You turn into a venomous arachnid creature.
The orc warrior shouts!
A two-headed ogre comes into view.
It is wielding a +0 giant club and a +0 giant spiked club.
An orc comes into view. It is wielding a +0 long sword.
You completely miss the orc warrior.
Your transformation is almost over.
You completely miss the orc warrior.
The orc warrior hits you but does no damage.
The orc shouts!
An orc comes into view. It is wielding a +0 whip.
The orc warrior closely misses you. x2; The orc moves out of view.
An orc wizard comes into view. It is wielding a +0 short sword.
The orc warrior attacks as you move away!
The orc warrior barely misses you.
The orc wizard shouts!
You hear a shout!
An orc comes into view. It is wielding a +0 short sword.
The two-headed ogre shouts in stereo!
You hear a shout!
There is an open door here.
The orc warrior hits you with a +1 mace of holy wrath!
You hit the orc warrior but do no damage.
The orc warrior misses you.
You hit the orc warrior.
The orc warrior is lightly wounded.
The orc warrior completely misses you.
The orc warrior attacks as you move away!
The orc warrior misses you.
Your transformation has ended.
The two-headed ogre attacks as you move away!
The two-headed ogre hits you with a +0 giant club!!
Ouch! That really hurt!
* * * LOW HITPOINT WARNING * * *
The two-headed ogre hits you with a +0 giant spiked club!!
You die...

....o.o. .##.........# ....O.#
#+ #.##.........# #....#
#.##.##.........# #.o..#
..#.##.........# #...o#
#.#.##.........#
#..oo####...###+####'###
+....'.o....# # #.#########
####....#####o.###.# #..........
.........####..O@..# ###########
#...........#.>.#### #.#
#...........#...# #.#
#...........#...# #.#
#...........'...# #.#####
##.......>..##..# #......
#..........##..###########.#####
########...##..#...........#
#######..#.###########


You could see a two-headed ogre, an orc warrior and an orc wizard.

Vanquished Creatures
  Sigmund (D:6)
  4 yaks (D:5)
  Edmund (D:6)
  A water moccasin (D:5)
  2 black bears (D:5)
  2 ogres (D:5)
  A centaur (D:6)
  A bullfrog (D:5)
  2 scorpions
  A necrophage (D:5)
  4 wights
  A howler monkey (D:7)
  The ghost of xian the Shooter, a weakling SpHu (D:3)
  An orc priest (D:5)
  3 hounds
  An iguana (D:5)
  2 jellies
  3 orc wizards
  Robin (D:4)
  6 gnolls (D:4)
  2 adders
  A white imp (D:6)
  An ufetubus (D:6)
  2 worms (D:2)
  2 dart slugs
  16 orcs
  7 endoplasms
  3 giant cockroaches
  19 goblins
  10 hobgoblins
  3 jackals (D:4)
  5 kobolds
  7 quokkas
  6 ball pythons
  5 bats
  3 frilled lizards
  25 rats
156 creatures vanquished.

Notes
Turn   | Place    | Note
-------+----------+-------------------------------------------
     0 | D:1      | Nato the Octopode Transmuter began the quest for the Orb.
     0 | D:1      | Reached XP level 1. HP: 13/13 MP: 3/3
   194 | D:1      | Reached XP level 2. HP: 17/18 MP: 1/5
   265 | D:1      | Found Feng's Antique Armour Shoppe.
   808 | D:2      | Found a faded altar of an unknown god.
   865 | D:2      | Reached XP level 3. HP: 23/23 MP: 2/6
  1261 | D:2      | Found a broken altar of Ashenzari.
  1641 | D:3      | Reached skill level 3 in Transmutations
  1754 | D:3      | Reached XP level 4. HP: 27/29 MP: 5/7
  1968 | D:3      | Learned a level 2 spell: Wereblood
  2300 | D:3      | Found Dubb's Antique Armour Boutique.
  2357 | D:3      | Found a runed translucent door.
  2357 | D:3      | Noticed xian's ghost (weakling SpHu)
  2590 | D:3      | Killed xian's ghost
  2591 | D:3      | Reached XP level 5. HP: 26/34 MP: 5/8
  2874 | D:4      | Found a shimmering blue altar of Sif Muna.
  2875 | D:4      | Found a broken altar of Ashenzari.
  2891 | D:4      | Reached skill level 4 in Transmutations
  2910 | D:4      | Found a glowing golden altar of the Shining One.
  3072 | D:4      | Reached XP level 6. HP: 33/41 MP: 9/9
  3105 | D:4      | Learned a level 3 spell: Spider Form
  3208 | D:4      | HP: 1/41 [gnoll/+0 spear[a gnoll bouda] (8)]
  3795 | D:4      | Noticed Robin
  3823 | D:4      | Killed Robin
  4097 | D:4      | Reached skill level 1 in Poison Magic
  4271 | D:5      | Entered Level 5 of the Dungeon
  4336 | D:5      | Noticed a black bear
  4343 | D:5      | Killed a black bear
  4344 | D:5      | Reached XP level 7. HP: 46/46 MP: 7/10
  4398 | D:5      | Reached skill level 5 in Transmutations
  4719 | D:5      | Reached XP level 8. HP: 6/54 MP: 8/11
  4814 | D:5      | Reached skill level 6 in Transmutations
  4889 | D:5      | Reached skill level 5 in Unarmed Combat
  4913 | D:5      | Found a staircase to the Ecumenical Temple.
  4926 | Temple   | Entered the Ecumenical Temple
  4926 | Temple   | Found a transporter.
  4926 | Temple   | Found a transporter.
  4942 | Temple   | Found a transporter.
  4942 | Temple   | Found a transporter.
  4960 | Temple   | Became a worshipper of Cheibriados the Contemplative
  5111 | D:5      | Noticed a yak
  5111 | D:5      | Noticed a yak
  5128 | D:5      | Learned a level 4 spell: Ice Form
  5189 | D:5      | Noticed a yak
  5192 | D:5      | Noticed a yak
  5201 | D:5      | Killed a yak
  5214 | D:5      | Killed a yak
  5215 | D:5      | Reached skill level 5 in Dodging
  5215 | D:5      | Reached skill level 1 in Ice Magic
  5216 | D:5      | Killed a yak
  5217 | D:5      | Reached skill level 7 in Transmutations
  5222 | D:5      | Killed a yak
  5223 | D:5      | Reached skill level 5 in Fighting
  5223 | D:5      | Reached XP level 9. HP: 41/61 MP: 6/12
  5597 | D:6      | Found a shadowy altar of Dithmenos.
  6258 | D:6      | Reached skill level 8 in Transmutations
  6422 | D:6      | Identified the +7 flail of Doors {protect, rC+ Dex+3
                  | Stlth+}
  6537 | D:6      | Noticed Edmund
  6549 | D:6      | Killed Edmund
  6830 | D:6      | Noticed Sigmund
  6838 | D:6      | Killed Sigmund
  7116 | D:6      | Reached skill level 1 in Invocations
  7378 | D:7      | Reached * piety under Cheibriados
  8045 | D:7      | Noticed a two-headed ogre
  8061 | D:7      | Slain by a two-headed ogre

Illustrated notes

Levels and vault maps discovered:
D:1:      matt_arrival_diagonals, layout_rooms, serial_shops, shop,
          lemuel_old_faithful
D:2:      layout_rooms, hellmonk_ecumenical_altar_pennies_from_heaven,
          basic_altar
D:3:      layout_basic, serial_shops, nicolae_shop_competitors_out_of_business,
          gammafunk_ghost_grave
D:4:      kennysheep_goblin_castle, layout_basic,
          chequers_temple_overflow_statue_of_worship, minmay_rat_hole
D:5:      layout_loops_ring, minmay_temple_entry_hall, grunt_ministairs_8
D:6:      layout_cave_pools, grunt_dithmenos_smoke_and_mirrors,
          sigmund_edmund_badplayer
D:7:      layout_basic
Temple:   hellmonk_temple_divided_pantheon

Skill      XL: |  1  2  3  4  5  6  7  8  9 |
---------------+----------------------------+-----
Transmutations | 3 4 5 7 8 |  8.8
Fighting       | 2 3 5 |  5.0
Dodging        | 3 4 5 |  5.0
Unarmed Combat | 4 5 |  5.0
Poison Magic   | 1 |  1.0
Ice Magic      | 2 3 |  3.9
Invocations    | 1 |  1.2
Spellcasting   | |  2.0

Action                   |  1- 3 |  4- 6 |  7- 9 || total
-------------------------+-------+-------+-------++-------
Melee: Unarmed           |    85 |   163 |   163 ||   411
       Kick              |    23 |    48 |    25 ||    96
       Constrict         |    21 |    44 |     9 ||    74
       Tentacles         |    13 |    25 |    13 ||    51
       Punch             |     4 |     6 |       ||    10
 Cast: Beastly Appendage |    25 |    30 |     9 ||    64
       Wereblood         |       |    10 |     8 ||    18
       Spider Form       |       |       |    21 ||    21
       Ice Form          |       |       |     3 ||     3
  Use: Potion            |       |     1 |     1 ||     2
       Scroll            |       |       |     5 ||     5
 Stab: Sleeping          |     4 |     1 |     2 ||     7
Armor: Skin              |    11 |    23 |    16 ||    50
Dodge: Dodged            |    44 |   107 |   125 ||   276

Table legend: (Time is in decaauts)
 A = Elapsed time spent in this place.
 B = Non-inter-level travel time spent in this place.
 C = Inter-level travel time spent in this place.
 D = Time resting spent in this place.
 E = Time spent auto-exploring this place.
 F = Levels seen in this place.
 G = Mean time per level.
                   A        B        C        D        E       F      G
               +--------+--------+--------+--------+--------+-----+--------+
         Total |   8370 |   7901 |    469 |   2559 |   3907 |   8 | 1046.2 |
       Dungeon |   8321 |   7871 |    450 |   2559 |   3887 |   7 | 1188.7 |
        Temple |     49 |     30 |     19 |      0 |     20 |   1 |   49.0 |
               +--------+--------+--------+--------+--------+-----+--------+

Top non-repeatable levels by time:
     D:6: 2045 daAuts
     D:3: 1371 daAuts
     D:4: 1325 daAuts
     D:5: 1226 daAuts
     D:2: 826 daAuts
     D:7: 794 daAuts
     D:1: 730 daAuts
  Temple: 49 daAuts
